 Dungeon Crawl Stone Soup version 0.28.0-47-ge53b351184 (webtiles) character file.

Game seed: 6428199689211408425

13 issech the Cudgeller (level 2, -3/29 HPs)
             Began as a Troll Monk on Apr 26, 2022.
             Slain by Terence
             ... wielding a +0 flail
              (8 damage)
             ... on level 2 of the Dungeon.
             The game lasted 00:02:29 (1002 turns).

issech the Cudgeller (Troll Monk)                   Turns: 1002, Time: 00:02:30

Health: -3/29      AC:  4    Str: 18    XL:     2   Next: 24%
Magic:  1/1        EV: 10    Int:  6    God:
Gold:   81         SH:  0    Dex: 12    Spells: 1/1 levels left

rFire   . . .      SeeInvis .   a - +0 mace
rCold   . . .      Faith    .   (no shield)
rNeg    . . .      Spirit   .   b - +0 robe
rPois   .          Reflect  .   (helmet restricted)
rElec   .          Harm     .   (no cloak)
rCorr   .          Rampage  .   (gloves unavailable)
Will    .....                   (boots unavailable)
Stlth   ++........              (no amulet)
HPRegen 0.89/turn               (no ring)
MPRegen 0.07/turn               (no ring)

@: no status effects
A: large, unfitting armour, claws 3, regeneration 1, shaggy fur 1, tough skin 1
a: no special abilities


You were on level 2 of the Dungeon.
You visited 1 branch of the dungeon, and saw 2 of its levels.

You collected 81 gold pieces.

Inventory:

Hand Weapons
 a - a +0 mace (weapon)
Missiles
 c - 25 stones
 g - 2 large rocks (quivered)
Armour
 b - a +0 robe (worn)
Scrolls
 d - a scroll of magic mapping {unknown}
 e - a scroll of identify {unknown}
Potions
 f - a potion of curing {unknown}


   Skills:
 + Level 2.6 Fighting
 + Level 2.9 Maces & Flails
 + Level 2.6 Dodging
 + Level 1.0 Stealth


You had one spell level left.
You didn't know any spells.
Your spell library contained the following spells:

 Spells                   Type           Power      Damage    Failure   Level
 Slow                     Hex            0%         N/A       45%         1
 Confusing Touch          Hex            0%         N/A       83%         3
 Vampiric Draining        Necr           0%         2d6       83%         3


Dungeon Overview and Level Annotations

Branches:
Dungeon (2/15)

Altars:

Annotations:
D:2 Terence


Innate Abilities, Weirdness & Mutations

You are too large for most types of armour.
You have claws for hands.
Your natural rate of healing is unusually fast.
You are covered in fur. (AC +1)
You have tough skin. (AC +1)


Message History

The large rock hits Terence but does no damage.
You hit Terence.
Terence is lightly wounded.
Terence hits you with a +0 flail.
You hit Terence but do no damage.
Terence is lightly wounded.
Terence misses you.
You hit Terence.
Terence is lightly wounded.
Terence closely misses you. Terence barely misses you.
You hit Terence but do no damage.
Terence is lightly wounded.
Terence hits you with a +0 flail!
You barely miss Terence.
Terence is lightly wounded.
Terence hits you with a +0 flail.
You hit Terence but do no damage.
Terence is lightly wounded.
Terence hits you with a +0 flail. Terence closely misses you.
You barely miss Terence.
Terence is lightly wounded.
Terence hits you with a +0 flail.
You hit Terence but do no damage.
Terence is lightly wounded.
Terence misses you.
You barely miss Terence.
Terence is lightly wounded.
Terence hits you with a +0 flail.
You hit Terence.
Terence is moderately wounded.
Terence barely misses you.
You hit Terence but do no damage.
Terence is moderately wounded.
Terence misses you. Terence hits you with a +0 flail.
You hit Terence.
Terence is heavily wounded.
Terence hits you with a +0 flail!
* * * LOW HITPOINT WARNING * * *
Terence hits you with a +0 flail!
You die...

###.### #.# ......### #(#
........# ####.###
......#.# ##......#
#.#.###.# #.....$.#
#.#.###.# #..##...#
#.#..##.# #..#....#
#.##.##.# #...@...#
#.#...#.######..@....###...
.......................'...
###...########.#....####...
##.## #.#.#..# . #.#
#......# #.# ###.#### #.#
#.# #.# #.# #. #.#


You could see Terence.

Vanquished Creatures
  A ball python (D:1)
  3 endoplasms
  A giant cockroach (D:2)
  3 goblins
  A quokka (D:2)
  A bat (D:1)
10 creatures vanquished.

Notes
Turn   | Place    | Note
-------+----------+-------------------------------------------
     0 | D:1      | issech the Troll Monk began the quest for the Orb.
     0 | D:1      | Reached XP level 1. HP: 22/22 MP: 0/0
   844 | D:2      | Reached XP level 2. HP: 29/29 MP: 1/1
   900 | D:2      | Found a faded altar of an unknown god.
   980 | D:2      | Noticed Terence
   997 | D:2      | HP: 1/29 [Terence/+0 flail (10)]
  1002 | D:2      | Slain by Terence

Illustrated notes

Levels and vault maps discovered:
D:1:      mrwooster_arrival_arrow, layout_basic, amethyst_killhole
D:2:      layout_loops_corners, nicolae_ecumenical_lake_church,
          grunt_decor_fettered, uniq_jessica, uniq_terence

Action                   || total
-------------------------++-------
Melee: Mace              ||    44
Throw: Large rock        ||     5
Armor: Robe              ||    16
Dodge: Dodged            ||    31
